 Dungeon Crawl Stone Soup version 0.30-a0-367-g839099abd5 (webtiles) character file.

Game seed: 5804106309543153849

67 Anathary the Sneak (level 3, -1/18 HPs)
             Began as a Spriggan Brigand on Nov 18, 2022.
             Slain by a bullfrog (7 damage)
             ... on level 3 of the Dungeon.
             The game lasted 00:08:50 (1938 turns).

Anathary the Sneak (Spriggan Brigand)               Turns: 1938, Time: 00:08:51

Health: -1/18      AC:  3    Str:  7    XL:     3   Next: 98%
Magic:  4/4        EV: 16    Int: 12    God:
Gold:   159        SH:  0    Dex: 18    Spells: 2/2 levels left

rFire   . . .      SeeInvis +    a - +2 dagger
rCold   . . .      Faith    .    (no shield)
rNeg    . . .      Spirit   .    b - +0 robe
rPois   .          Reflect  .    (helmet restricted)
rElec   .          Harm     .    c - +0 cloak
rCorr   .          Rampage  .    (gloves unavailable)
Will    .....                    (boots unavailable)
Stlth   ++++......               (no amulet)
HPRegen 0.23/turn                (no ring)
MPRegen 0.09/turn                (no ring)

@: very quick
A: very small, no large weapons, unfitting armour, see invisible, speed 3
a: no special abilities


You were on level 3 of the Dungeon.
You visited 1 branch of the dungeon, and saw 3 of its levels.

You collected 159 gold pieces.

Inventory:

Hand Weapons
 a - a +2 dagger (weapon)
Missiles
 d - 12 poisoned darts (quivered)
 e - 3 curare-tipped darts
Armour
 b - a +0 robe (worn)
 c - a +0 cloak (worn)
Jewellery
 m - a +4 ring of evasion
 n - a ring of resist corrosion
 q - an amulet of faith
Scrolls
 f - a scroll of butterflies {unknown}
 g - 3 scrolls of summoning {unknown}
 h - 2 scrolls of teleportation {unknown}
 j - 3 scrolls of identify {unknown}
 k - a scroll of enchant weapon {unknown}
 l - a scroll of immolation {unknown}
Potions
 i - a potion of flight {unknown}
 o - 2 potions of curing {unknown}
 p - a potion of invisibility {unknown}


   Skills:
 * Level 1.8 Fighting
 * Level 2.7 Short Blades
 + Level 2.0 Throwing
 + Level 1.4 Dodging
 * Level 7.9 Stealth


You had 2 spell levels left.
You didn't know any spells.
Your spell library was empty.

Dungeon Overview and Level Annotations

Branches:
Dungeon (3/15)

Altars:


Innate Abilities, Weirdness & Mutations

You are very small and have problems with some larger weapons.
You are too small for most types of armour.
You have supernaturally acute eyesight. (SInv)
You cover ground extremely quickly. (Speed+++)


Message History

The orc misses you.
You hit the orc.
You kill the orc!
Items here: )) [ †.
q - an amulet of faith Really walk into that teleport trap?
Okay, then.
Items here: )) [ †.
Things that are here:
a +0 club; a +0 scale mail; an orc corpse
Found a stone staircase leading down.
There is a stone staircase leading down here.
There is a stone staircase leading down here.
Found a scroll labelled ETYOMP NALA.
j - 3 scrolls labelled ETYOMP NALA (gained 1)
A bullfrog comes into view.
A quokka comes into view.
The helpless quokka fails to defend itself.
You stick the quokka like a pincushion!!!
You kill the quokka!
You open the door.
There is an open door here.
You open the door.
There is an open door here.
A kobold comes into view. It is wielding a +0 short sword.
The helpless kobold fails to defend itself.
You spit the kobold like a pig!!!
You kill the kobold!
Things that are here:
a +0 short sword; 4 stones; a kobold corpse You hit the bullfrog.
The bullfrog is lightly wounded.
The bullfrog completely misses you. The bullfrog hits you!
You hit the bullfrog.
The bullfrog is moderately wounded.
The bullfrog closely misses you.
You closely miss the bullfrog.
The bullfrog is moderately wounded.
The bullfrog hits you. The bullfrog hits you!
You die...

###...###########.#
#.+...'.# #.#
..#####.# #.# ...#
#..# #.#
##.###.###### #.#
#..........# #)#
#.###.####.# #.#
#.# #.# #...####.#
#.# #.. #...F@.#
#.# #####...######
#.. # ###


You could see a bullfrog.

Vanquished Creatures
  3 orcs (D:3)
  6 endoplasms
  3 giant cockroaches
  6 goblins (D:1)
  7 hobgoblins
  4 jackals (D:1)
  8 kobolds
  3 quokkas
  2 ball pythons (D:1)
  5 bats (D:1)
  2 frilled lizards (D:1)
  3 rats
52 creatures vanquished.

Vanquished Creatures (others)
  4 plants (D:1)
4 creatures vanquished.

Grand Total: 56 creatures vanquished

Notes
Turn   | Place    | Note
-------+----------+-------------------------------------------
     0 | D:1      | Anathary the Spriggan Brigand began the quest for the Orb.
     0 | D:1      | Reached XP level 1. HP: 10/10 MP: 2/2
   113 | D:1      | Reached skill level 6 in Stealth
   128 | D:1      | Reached XP level 2. HP: 13/14 MP: 3/3
   391 | D:1      | Reached skill level 7 in Stealth
   664 | D:1      | Reached XP level 3. HP: 11/18 MP: 4/4
   747 | D:2      | Found a faded altar of an unknown god.
  1896 | D:3      | Noticed a bullfrog
  1938 | D:3      | Slain by a bullfrog

Illustrated notes

Levels and vault maps discovered:
D:1:      eino_arrival_water_cross, layout_loops_cross
D:2:      layout_loops_ring, ebering_ecumenical_altar_petrified, minivault_14,
          nicolae_titane
D:3:      layout_loops_ring, kennysheep_nondescript, feat_on_display,
          uniq_terence

Skill      XL: |  1  2 |
---------------+-------+-----
Stealth        | 6 7 |  7.9
Fighting       | |  1.8
Short Blades   | |  2.7
Throwing       | |  2.0
Dodging        | |  1.4

Action                   || total
-------------------------++-------
Melee: Dagger            ||   131
 Stab: Sleeping          ||    15
       Distracted        ||     4
Armor: Robe              ||    14
Dodge: Dodged            ||    61

Table legend: (Time is in decaauts)
 A = Elapsed time spent in this place.
 B = Non-inter-level travel time spent in this place.
 C = Inter-level travel time spent in this place.
 D = Time resting spent in this place.
 E = Time spent auto-exploring this place.
 F = Levels seen in this place.
 G = Mean time per level.
                   A        B        C        D        E       F      G
               +--------+--------+--------+--------+--------+-----+--------+
         Total |   1258 |   1175 |     83 |     99 |    360 |   3 |  419.3 |
       Dungeon |   1258 |   1175 |     83 |     99 |    360 |   3 |  419.3 |
               +--------+--------+--------+--------+--------+-----+--------+

Top non-repeatable levels by time:
     D:1: 658 daAuts
     D:2: 491 daAuts
     D:3: 109 daAuts
